 Dungeon Crawl Stone Soup version 0.31-a0-986-g5e6e4ef867 (webtiles) character file.

Game seed: 13596022691280795635

919 gelatine the Chopper (level 7, -1/82 HPs)
             Began as a Demonspawn Fighter on Nov 12, 2023.
             Succumbed to a water moccasin's poison
             ... on level 5 of the Dungeon.
             The game lasted 00:10:57 (4129 turns).

gelatine the Chopper (Demonspawn Fighter)           Turns: 4129, Time: 00:10:57

Health: -1/82      AC: 23    Str: 22      XL:     7   Next: 83%
Magic:  7/7        EV:  2    Int:  8 (9)  God:
Gold:   189        SH:  4    Dex: 11 (13) Spells: 6/6 levels left

rFire   . . .        a - +1 war axe
rCold   . . .        c - +0 buckler
rNeg    . . .        b - melded +0 scale mail
rPois   +            (helmet currently unavailable)
rElec   .            (cloak currently unavailable)
rCorr   .            (gloves currently unavailable)
SInv    .            (boots currently unavailable)
Will    .....        i - amulet of magic regeneration
Stlth   +            f - ring of flight
HPRegen 0.33/turn    n - +6 ring of strength
MPRegen 0.50/turn

%: no passive effects
@: mighty, lethally poisoned (-1 -> -17), tree-form, weakened, attractive
A: stationary, stasis, torment immunity, boosted hp, powered by pain 1,
(sanguine armour 1), (weakness stinger 1), (large bone plates 1), weak 1,
inability to drink after injury 1
a: no special abilities


You were on level 5 of the Dungeon.
You were a tree.
You visited 1 branch of the dungeon, and saw 5 of its levels.

You collected 189 gold pieces.

Inventory:

Hand Weapons
 a - a +1 war axe (weapon)
Missiles
 v - 2 throwing nets
Armour
 b - a +0 scale mail (melded)
 c - a +0 buckler (worn)
Jewellery
 f - a ring of flight (left branch)
 i - an amulet of magic regeneration (around neck)
 n - a +6 ring of strength (right branch)
 q - an amulet of faith
Scrolls
 e - a scroll of fear
 r - a scroll of immolation
Potions
 j - a potion of berserk rage
 m - 6 potions of haste
 o - a potion of degeneration
 p - 2 potions of lignification


   Skills:
 + Level 4.4 Fighting
 + Level 6.1 Axes
 + Level 4.4 Armour
 + Level 1.5 Dodging
 + Level 0.3 Stealth
 + Level 3.7 Shields


You had 6 spell levels left.
You didn't know any spells.
Your spell library was empty.

Dungeon Overview and Level Annotations

Branches:
Dungeon (5/15)
 Temple: D:4-7

Altars:
Trog


Innate Abilities, Weirdness & Mutations

You are a tree.
Your roots penetrate the ground, keeping you stationary.
You cannot be teleported.
You are immune to unholy pain and torment.
Your maximum health is greatly increased.
Your equipment is partially melded.
You sometimes gain a little power by taking damage.
((When seriously injured, your blood forms armour. (AC +0)))
((You have a small tail.))
((You are partially covered in large bone plates. (SH +4)))
You are weak. (Str -2)
You occasionally lose the ability to drink potions when taking damage.


Message History

You hit the gnoll bouda.
The water moccasin bites you but does no damage.
The gnoll bouda barks out a call to the hunt!
The gnoll picks up the pace!
The water moccasin bites you but does no damage.
The gnoll bouda hits you but does no damage.
You hear a shout!
The gnoll is attracted toward you.
You hit the gnoll bouda but do no damage.
The gnoll bouda is almost dead.
You barely miss the water moccasin.
The water moccasin bites you but does no damage.
The gnoll bouda utters an invocation to its god.
The gnoll bouda is healed somewhat.
The water moccasin barely misses you.
Unknown command.
You closely miss the gnoll bouda.
The gnoll bouda is heavily wounded.
You hit the gnoll. You slash the water moccasin!
The gnoll hits you but does no damage.
The water moccasin bites you but does no damage.
The gnoll bouda hits you but does no damage.
Unknown command.
You completely miss the gnoll bouda.
The gnoll bouda is heavily wounded.
You closely miss the gnoll. You miss the water moccasin.
The water moccasin bites you but does no damage.
The gnoll hits you but does no damage.
The gnoll bouda gazes fiercely through you!
You feel your attacks grow feeble.
The gnoll bouda hits you with a +0 club.
* * * LOW HITPOINT WARNING * * *
The water moccasin bites you.
* * * LOW HITPOINT WARNING * * *
You are lethally poisoned!
The water moccasin poisons you! The gnoll hits you but does no damage.
Okay, then.
As you read the scroll of torment, it crumbles to dust.
You feel a surge of unholy energy.
The gnoll convulses!
The water moccasin convulses!
The gnoll bouda convulses!
The gnoll convulses!
You die...

,,,,**,,^,,,,,,,,,,,,,,,,,***
*,,,**,,,,#..,,,,,,,,,,,,,,,*
,,,,**,,,*#..,,,,,,,,,,,,,,,***
,,,,,*,,,##...>,,,,,,,,,,,,,,,*
***,,,,,,.....,,,,***,,,,,,,,**
,,,,,,,,,,,....,*** *,,,,,,****
,,,,,,,,,,,*#.g###*##***,,,,,,***
,,,,,,,,,,,##..g=##.#####.,,,,,,*
*,,,,,,**,,####.♣g........,,,,,**
,,,,,,,**,*######S.#..).).**,,**
,,,**,,,,,,.######........,,,,*
,,,,,,,,,**.#####.........,,,,***
,,,,,,*****.##............,,,,*,,
,,,,,,** **.#.............,,,,,,,
,,,,,,,***,.##....<....#.g,,,,,,,
,,,,,,,**,,...........#...,,,,,,,
,,,,**,,*,*###....#.###...,,,,,,,


You could see a water moccasin, a gnoll bouda and 2 gnolls.

Vanquished Creatures
  Duvessa (D:5)
  2 black bears
  An ogre (D:5)
  2 scorpions
  Dowan (D:5)
  2 orc priests
  2 iguanas
  An orc wizard (D:3)
  5 gnolls
  11 adders
  2 worms (D:2)
  3 dart slugs
  6 orcs
  5 ball pythons
  4 bats
  11 endoplasms
  A giant cockroach (D:2)
  10 hobgoblins
  3 jackals (D:1)
  2 quokkas
  6 frilled lizards
  7 goblins
  7 kobolds
  5 rats
100 creatures vanquished.

Vanquished Creatures (others)
  An arcanist (D:4)
1 creature vanquished.

Grand Total: 101 creatures vanquished

Notes
Turn   | Place    | Note
-------+----------+-------------------------------------------
     0 | D:1      | gelatine the Demonspawn Fighter began the quest for the
                  | Orb.
     0 | D:1      | Reached XP level 1. HP: 18/18 MP: 1/1
   293 | D:1      | Gained mutation: When seriously injured, your blood forms
                  | armour. (AC +0) [demonic ancestry]
   293 | D:1      | Reached XP level 2. HP: 24/24 MP: 2/2
   332 | D:1      | Reached skill level 2 in Axes
   857 | D:2      | Noticed a scorpion
   880 | D:2      | Killed a scorpion
   881 | D:2      | Reached skill level 3 in Axes
   881 | D:2      | Gained mutation: You sometimes gain a little power by
                  | taking damage. [demonic ancestry]
   881 | D:2      | Reached XP level 3. HP: 27/29 MP: 3/3
   881 | D:2      | Reached XP level 4. HP: 33/35 MP: 4/4
  1535 | D:2      | Reached XP level 5. HP: 37/41 MP: 5/5
  2117 | D:3      | Noticed a black bear
  2135 | D:3      | Killed a black bear
  2136 | D:3      | Reached skill level 4 in Axes
  2136 | D:3      | Reached XP level 6. HP: 21/48 MP: 6/6
  2261 | D:3      | Reached skill level 1 in Dodging
  2611 | D:3      | Reached skill level 5 in Axes
  3088 | D:4      | Gained mutation: You occasionally lose the ability to drink
                  | potions when taking damage. [potion of mutation]
  3088 | D:4      | Gained mutation: You have large cloven feet. [potion of
                  | mutation]
  3088 | D:4      | Gained mutation: You passively dampen the noise of your
                  | surroundings. [potion of mutation]
  3115 | D:4      | Gained mutation: You have a small tail. [demonic ancestry]
  3115 | D:4      | Reached XP level 7. HP: 31/54 MP: 7/7
  3121 | D:4      | Lost mutation: You passively dampen the noise of your
                  | surroundings. [potion of mutation]
  3121 | D:4      | Lost mutation: You have large cloven feet. [potion of
                  | mutation]
  3121 | D:4      | Gained mutation: You are weak. (Str -2) [potion of
                  | mutation]
  3121 | D:4      | Gained mutation: You are partially covered in large bone
                  | plates. (SH +4) [potion of mutation]
  3248 | D:4      | Identified the +4 dagger of Plague {venom, Str+4}
  3948 | D:4      | Found a bloodstained altar of Trog.
  3950 | D:4      | Noticed an arcanist
  3955 | D:4      | Killed an arcanist
  4076 | D:5      | Entered Level 5 of the Dungeon
  4091 | D:5      | Noticed Duvessa
  4102 | D:5      | Killed Duvessa
  4112 | D:5      | Noticed Dowan
  4118 | D:5      | Killed Dowan
  4124 | D:5      | Reached skill level 6 in Axes
  4128 | D:5      | HP: 2/82 [water moccasin (4)]
  4129 | D:5      | Succumbed to a water moccasin's poison

Illustrated notes

Levels and vault maps discovered:
D:1:      mainiacjoe_arrival_reflecting_pool, layout_basic, nicolae_the_louvre
D:2:      layout_basic, minmay_diced_spiral
D:3:      layout_basic, serial_bayou_lagoon_a, minmay_fractal_squares_diagonal_5
D:4:      layout_loops_ring, trog_wizard
D:5:      layout_cave_pools, enter_ossuary_2, uniq_duvessa

Skill      XL: |  1  2  3  4  5  6  7 |
---------------+----------------------+-----
Axes           | 3 4 5 6 |  6.1
Armour         | 3 4 |  4.4
Shields        | 3 |  3.7
Dodging        | 1 |  1.5
Fighting       | 4 |  4.4
Stealth        | |  0.3

Action                     |  1- 3 |  4- 6 |  7- 9 || total
---------------------------+-------+-------+-------++-------
  Melee: War axe           |    61 |   189 |    43 ||   293
         Kick              |       |     1 |       ||     1
         Tailslap          |       |       |     4 ||     4
    Use: Scroll            |       |     3 |    10 ||    13
         Potion            |       |     1 |     7 ||     8
 Armour: Scale mail        |    35 |   167 |    22 ||   224
         Skin              |       |       |    25 ||    25
  Dodge: Dodged            |    33 |    99 |    16 ||   148
  Block: Buckler           |    13 |    45 |    25 ||    83

Table legend: (Time is in decaauts)
 A = Elapsed time spent in this place.
 B = Non-inter-level travel time spent in this place.
 C = Inter-level travel time spent in this place.
 D = Time resting spent in this place.
 E = Time spent auto-exploring this place.
 F = Levels seen in this place.
 G = Mean time per level.
                   A        B        C        D        E       F      G
               +--------+--------+--------+--------+--------+-----+--------+
         Total |   4227 |   4001 |    226 |      0 |   3142 |   5 |  845.4 |
       Dungeon |   4227 |   4001 |    226 |      0 |   3142 |   5 |  845.4 |
               +--------+--------+--------+--------+--------+-----+--------+

Top non-repeatable levels by time:
     D:2: 1332 daAuts
     D:3: 1091 daAuts
     D:4: 1000 daAuts
     D:1: 747 daAuts
     D:5: 57 daAuts
